 Dungeon Crawl Stone Soup version 0.24-a0-715-g0b739ee41d (webtiles) character file.

Game seed: 4737184590565285906, levelgen mode: deterministic

135 Mame the Digger (level 5, 0/28 HPs)
             Began as a Gargoyle Earth Elementalist on Sept 29, 2019.
             Shot with an arrow by a centaur (4 damage)
             ... on level 3 of the Dungeon on Sept 30, 2019.
             The game lasted 00:08:06 (2266 turns).

Mame the Digger (Gargoyle Earth Elementalist)       Turns: 2266, Time: 00:08:07

Health: 0/28       AC:  6    Str: 11    XL:     5   Next: 18%
Magic:  3/10       EV: 12    Int: 17    God:
Gold:   156        SH:  0    Dex: 10    Spells: 8/11 levels left

rFire    . . .     SeeInvis .   g - +0 dagger
rCold    . . .     Gourm    .   (no shield)
rNeg     + . .     Faith    .   c - +0 robe
rPois    ∞         Spirit   .   (no helmet)
rElec    +         Reflect  .   (no cloak)
rCorr    .         Harm     .   (no gloves)
MR       .....                  (no boots)
Stlth    ++........             (no amulet)
HPRegen  0.09/turn              (no ring)
MPRegen  0.12/turn              (no ring)

@: no status effects
A: negative energy resistance 1, electricity resistance, unbreathing,
petrification resistance, rot immunity, AC +4
a: no special abilities


You were on level 3 of the Dungeon.
You were not hungry.

You visited 1 branch of the dungeon, and saw 3 of its levels.

You collected 156 gold pieces.

Inventory:

Hand Weapons
 g - a +0 dagger (weapon)
Missiles
 b - 118 stones (quivered)
Armour
 c - a +0 robe (worn)
 u - a +0 buckler
Jewellery
 j - an uncursed ring of see invisible {unknown}
 k - a +3 ring of dexterity {unknown}
Scrolls
 a - 3 scrolls of identify {unknown}
 h - a scroll of magic mapping {unknown}
 l - 3 scrolls of teleportation {unknown}
 r - a scroll of remove curse {unknown}
 s - a scroll of fear {unknown}
 v - a scroll of immolation {unknown}
Potions
 e - a potion of resistance {unknown}
 f - 2 potions of heal wounds {unknown}
 m - a potion of berserk rage {unknown}
 n - a potion of mutation {unknown}
 o - a potion of lignification {unknown}
 p - a potion of might {unknown}
 q - 2 potions of brilliance {unknown}
 t - a potion of curing {unknown}
Comestibles
 d - 6 rations
 i - a chunk of flesh


   Skills:
 - Level 1.5 Dodging
 - Level 2.1 Stealth
 + Level 3.6 Spellcasting
 - Level 0.7 Transmutations
 + Level 5.5 Earth Magic


You had 8 spell levels left.
You knew the following spells:

 Your Spells              Type           Power        Failure   Level  Hunger
a - Sandblast             Erth           ###...       1%          1    None
b - Passwall              Tmut/Erth      ##......     7%          2    ##.....

Your spell library contained the following spells:

 Spells                   Type           Power        Failure   Level  Hunger
 Stone Arrow              Conj/Erth      ##....       16%         3    ###....
 Petrify                  Tmut/Erth      ##......     41%         4    ####...
 Lee's Rapid Deconstruct  Erth           ###.......   43%         5    ######.


Dungeon Overview and Level Annotations

Branches:
Dungeon (3/15)

Altars:
Uskayaw
Wu Jian


Innate Abilities, Weirdness & Mutations

You are resistant to torment.
Your stone body is resilient. (AC +4)
You are immune to poison.
You resist negative energy. (rN+)
You are resistant to electric shocks. (rElec)
You can survive without breathing.
You are immune to petrification.
You are immune to rotting.


Message History

Casting: Sandblast (safe; 1% risk of failure)
Confirm with . or Enter, or press ? or * to list all spells.
Aiming: Sandblast (safe; 1% risk of failure)
Press: ? - help, Shift-Dir - straight line, f - centaur
Aim: a centaur, wielding a +0 shortbow (lightly wounded)
The blast of sand hits the centaur!
The centaur is heavily wounded.
b - 119 stones The centaur shoots an arrow.
The arrow hits you.
* * * LOW HITPOINT WARNING * * *
Casting: Sandblast (safe; 1% risk of failure)
Confirm with . or Enter, or press ? or * to list all spells.
Aiming: Sandblast (safe; 1% risk of failure)
Press: ? - help, Shift-Dir - straight line, f/p - centaur
Aim: a centaur, wielding a +0 shortbow (heavily wounded)
The blast of sand hits the centaur!
The centaur is almost dead.
b - 118 stones The centaur shoots an arrow.
The arrow hits you.
You die...

##.####........#
........###...###
#########.......##
#.............(..#
#.#######......(.##
#.# ###.......# ..#
#.......# ###
#.......# ##
#.....@(# ..
###...#)##.#
#...#c)..#
##.##..†...... #.
#.##...... #. #.#
...... # #.# .####
... .# ... #


You could see a centaur.

Vanquished Creatures
  Jessica (D:2)
  5 adders
  An ooze (D:2)
  A dart slug (D:2)
  4 leopard geckos
  4 bats (D:1)
  A giant cockroach (D:1)
  6 goblins
  3 hobgoblins
  5 jackals
  14 kobolds
  4 frilled lizards
  8 rats (D:1)
57 creatures vanquished.

Notes
Turn   | Place    | Note
-------+----------+-------------------------------------------
     0 | D:1      | Mame the Gargoyle Earth Elementalist began the quest for
                  | the Orb.
     0 | D:1      | Reached XP level 1. HP: 10/10 MP: 3/3
     1 | D:1      | Upgraded the game from 0.24-a0-699-g5a66b1aa3b to
                  | 0.24-a0-715-g0b739ee41d
    38 | D:1      | Reached skill level 4 in Earth Magic
    38 | D:1      | Reached XP level 2. HP: 1/15 MP: 0/5
   938 | D:1      | Reached XP level 3. HP: 19/19 MP: 6/6
  1235 | D:2      | Noticed Jessica
  1239 | D:2      | Killed Jessica
  1239 | D:2      | Reached XP level 4. HP: 22/24 MP: 6/8
  1449 | D:2      | Reached skill level 5 in Earth Magic
  1519 | D:2      | Learned a level 2 spell: Passwall
  1929 | D:2      | Reached XP level 5. HP: 27/28 MP: 10/10
  1950 | D:2      | Found an ornate altar of the Wu Jian Council.
  2182 | D:3      | Found a hide-covered altar of Uskayaw.
  2254 | D:3      | Noticed a centaur
  2266 | D:3      | Shot with an arrow by a centaur

Levels and vault maps discovered:
D:1:      dpeg_arrival_rooms_with_view, layout_basic, dk_noncrumbling_2
D:2:      layout_loops_corners, nicolae_overflow_crystal_walls, first_ration,
          uniq_jessica
D:3:      layout_loops_ring, eat_drink_and_be_merry_uskayaw,
          gammafunk_ghost_nasty_kobolds, portal_sewer_entry_b

Skill      XL: |  1  2  3  4 |
---------------+-------------+-----
Earth Magic    | 4 5 |  5.5
Spellcasting   | 3 |  3.6
Dodging        | |  1.5
Stealth        | |  2.1
Transmutations | |  0.7

Action                   |  1- 3 |  4- 6 || total
-------------------------+-------+-------++-------
Melee: Unarmed           |    18 |       ||    18
       Dagger            |    52 |    55 ||   107
 Cast: Sandblast         |    24 |    23 ||    47
 Stab: Sleeping          |     1 |     1 ||     2
  Eat: Chunk             |     1 |     4 ||     5
Armor: Robe              |    32 |    15 ||    47
Dodge: Dodged            |    54 |    34 ||    88

Table legend:
 A = Non-vault XP
 B = Vault XP
 C = Vault XP percentage of total XP
 D = Non-vault monster count
 E = Vault monster count
 F = Vault count percentage of total count
                 A         B        C        D         E       F
            +---------+---------+-------+---------+---------+-------
      Total |     154 |      39 |  20.2 |      54 |       3 |   5.3
            +---------+---------+-------+---------+---------+-------
        D:1 |      47 |       2 |   4.1 |      30 |       2 |   6.2
        D:2 |      84 |      37 |  30.6 |      17 |       1 |   5.6
        D:3 |      23 |       0 |   0.0 |       7 |       0 |   0.0
            +---------+---------+-------+---------+---------+-------
